 Dungeon Crawl Stone Soup version 0.27.1-2-g3b301248ec (webtiles) character file.

Game seed: 15225118104877167811

16917 Borgoz the Basher (level 12, -36/79 HPs)
             Began as a Gargoyle Berserker on Sept 22, 2021.
             Was a High Priest of Trog.
             Annihilated by a titanic slime creature (84 damage)
             ... on level 12 of the Dungeon.
             The game lasted 00:14:41 (11731 turns).

Borgoz the Basher (Gargoyle Berserker)             Turns: 11731, Time: 00:14:41

Health: -36/79     AC: 27    Str: 29    XL:     12   Next: 42%
Magic:  12/12      EV: 14    Int:  7    God:    Trog [*****.]
Gold:   964        SH:  0    Dex: 13    Spells: 11/11 levels left

rFire    . . .     SeeInvis .   H - +0 dire flail
rCold    . . .     Faith    .   (shield currently unavailable)
rNeg     + . .     Spirit   .   r - +3 scale mail "Velino" {Regen+}
rPois    ∞         Reflect  .   y - +0 helmet
rElec    +         Harm     .   A - +2 cloak {rCorr}
rCorr    +         Rampage  .   J - +0 pair of gloves
Will     .....                  (no boots)
Stlth    ..........             l - amulet of regeneration
HPRegen  2.23/turn              k - +6 ring of strength
MPRegen  0.13/turn              (no ring)

@: on berserk cooldown, slowed, studying Shields, very slow
A: sickness immunity, AC +8, negative energy resistance 1, electricity
resistance, torment resistance 1, petrification resistance
a: Renounce Religion, Berserk, Trog's Hand, Brothers in Arms


You were on level 12 of the Dungeon.
You worshipped Trog.
Trog was extremely pleased with you.
You visited 1 branch of the dungeon, and saw 12 of its levels.

You collected 964 gold pieces.

Inventory:

Hand Weapons
 H - a +0 dire flail (weapon)
 I - a +0 great mace
Missiles
 w - 3 throwing nets (quivered)
Armour
 p - a +3 leather armour of fire resistance
 r - the +3 scale mail "Velino" (worn) {Regen+}
   (You found it on level 4 of the Dungeon)

   Regen:     It increases your rate of health regeneration.
 y - a +0 helmet (worn)
 A - a +2 cloak of preservation (worn)
 J - a +0 pair of gloves (worn)
Jewellery
 k - a +6 ring of strength (left hand)
 l - an amulet of regeneration (around neck)
 s - a ring of resist corrosion
 t - a +4 ring of slaying
 D - an amulet of the acrobat
 E - the ring "Irot" {Fire Dex+4}
   (You found it on level 4 of the Dungeon)

   [ring of fire]

   It enhances your fire magic.
   Dex:       It affects your dexterity (+4).
   rF:        It protects you from fire.
   rC:        It makes you vulnerable to cold.
Wands
 m - a wand of flame (20)
 o - a wand of digging (7)
 v - a wand of acid (12)
 C - a wand of iceblast (5)
Scrolls
 a - 2 scrolls of summoning {unknown}
 d - a scroll of immolation {unknown}
 f - 2 scrolls of holy word
 h - a scroll of fog {unknown}
 i - a scroll of torment {unknown}
 n - 3 scrolls of enchant armour
 u - 4 scrolls of noise {unknown}
 x - a scroll of fear {unknown}
 z - a scroll of blinking {unknown}
 B - a scroll of silence {unknown}
 F - 5 scrolls of teleportation
 K - a scroll of identify
Potions
 b - 2 potions of ambrosia {unknown}
 c - 2 potions of degeneration {unknown}
 e - a potion of resistance
 g - a potion of might
 j - 3 potions of mutation {unknown}
 q - a potion of attraction
 G - 2 potions of heal wounds {unknown}


   Skills:
 + Level 10.7 Fighting
 + Level 12.0 Maces & Flails
 + Level 10.4 Armour
 + Level 8.1 Dodging


You had 11 spell levels left.
You didn't know any spells.
Your spell library was empty.

Dungeon Overview and Level Annotations

Branches:
Dungeon (12/15)            Temple (0/1) D:6            Lair (0/6) D:9
    Orc (0/2) D:11

Altars:
Ashenzari
Cheibriados
Gozag
Hepliaklqana
Kikubaaqudgha
Sif Muna
Uskayaw

Shops:
D:9 !


Innate Abilities, Weirdness & Mutations

You are immune to sickness and miasma.
Your stone body is resilient. (AC +8)
You are immune to poison.
You resist negative energy. (rN+)
You are resistant to electric shocks. (rElec)
You are resistant to unholy torment.
You are immune to petrification.


Message History

Found a stone staircase leading up.
The slime creature quivers. x4
You bludgeon the slime creature!!
The slime creature is moderately wounded.
The slime creature hits you but does no damage.
You barely miss the slime creature.
The slime creature is moderately wounded.
The slime creature hits you but does no damage.
You barely miss the slime creature.
The slime creature is moderately wounded.
Two slime creatures merge to form a large slime creature.
Two slime creatures merge to form a very large slime creature.
You barely miss the very large slime creature.
The very large slime creature is lightly wounded.
The very large slime creature hits you!!
Two slime creatures merge to form an enormous slime creature.
You completely miss the enormous slime creature.
The enormous slime creature is lightly wounded.
Two slime creatures merge to form a titanic slime creature.
You sock the titanic slime creature!
The titanic slime creature is lightly wounded.
Throw: 5 throwing nets
Press: ? - help, Q - select action, (/) - cycle Shift-Dir - straight line, f - titanic slime creature
Aim: a titanic slime creature (lightly wounded, 83% to hit, immune to nets)
You throw a throwing net.
The throwing net hits the titanic slime creature.
The titanic slime creature is too large for the net to hold!
The titanic slime creature is lightly wounded.
The titanic slime creature closely misses you.
The titanic slime creature hits you!
Throw: 4 throwing nets
Press: ? - help, Q - select action, (/) - cycle Shift-Dir - straight line, f/p - titanic slime creature
Aim: a titanic slime creature (lightly wounded, 83% to hit, immune to nets)
You throw a throwing net.
The throwing net hits the titanic slime creature.
The titanic slime creature is too large for the net to hold!
The titanic slime creature is lightly wounded.
The titanic slime creature hits you!!!!
Ouch! That really hurt!
You die...

#..........#...#.....##.#
#..........#...+.....#.##
#..........###'#.....#.##
###'####.....†.......#.#.
#..)...#.....††......#..#
#......#.............#.##
#......#..............##.
#......#[............##..
########@.........)..#...
......J############...##
.......#................
.......#................
<......#................
.......#.##'#####..##+##
########.##...###..##.##
#.....................
#.....................


You could see a titanic slime creature.

Vanquished Creatures
  Harold (D:11)
  3 two-headed ogres
  Nergalle (D:12)
  Pikel (D:6)
  A wolf spider zombie (D:7)
  2 ugly things
  A manticore (D:10)
  A black mamba (shapeshifter) (D:9)
  4 centaur zombies
  Maggie (D:6)
  A komodo dragon (D:9)
  2 hellwings (D:6)
  3 trolls
  Grinder (D:3)
  The ghost of Borgoz the Skirmisher, an amateur GrBe of Trog (D:4)
  12 yaks
  A wyvern (D:5)
  A wraith (D:12)
  2 vampire mosquitoes (D:12)
  2 water moccasins
  An acid dragon (D:12)
  Duvessa (D:4)
  3 orc warriors
  A sky beast (D:5)
  A necrophage (D:6)
  3 ogres
  A phantom (D:5)
  8 centaurs
  A kobold brigand (D:7)
  3 bullfrogs
  A gnoll sergeant (D:12)
  4 scorpions
  A wyvern skeleton (D:7)
  Dowan (D:4)
  A water moccasin skeleton (D:7)
  18 killer bees
  14 wights
  3 electric eels (D:10)
  2 howler monkeys
  A bullfrog zombie (D:5)
  Crazy Yiuf (D:6)
  A hound (D:4)
  10 orc priests
  Ijyb (D:3)
  Jessica (D:3)
  5 centaur skeletons
  A gnoll shaman (D:6)
  11 orc wizards
  3 iguanas
  2 scorpion simulacra (D:4)
  2 howler monkey zombies (D:9)
  2 hound skeletons
  9 gnolls
  A howler monkey skeleton (D:5)
  18 adders
  A hound simulacrum (D:4)
  6 shadow imps
  2 white imps (D:4)
  An adder skeleton (D:5)
  A dart slug (D:2)
  An adder simulacrum (D:4)
  44 orcs
  3 ball pythons
  3 bats
  9 endoplasms
  6 giant cockroaches
  2 goblins
  13 hobgoblins
  4 jackals
  7 kobolds
  3 quokkas
  A frilled lizard (D:2)
  24 rats
310 creatures vanquished.

Vanquished Creatures (others)
  16 plants
  A withered plant (D:7)
17 creatures vanquished.

Grand Total: 327 creatures vanquished

Notes
Turn   | Place    | Note
-------+----------+-------------------------------------------
     0 | D:1      | Borgoz the Gargoyle Berserker began the quest for the Orb.
     0 | D:1      | Reached XP level 1. HP: 14/14 MP: 1/1
   315 | D:1      | Reached XP level 2. HP: 19/19 MP: 2/2
   729 | D:1      | Reached XP level 3. HP: 19/23 MP: 3/3
  1689 | D:2      | Reached XP level 4. HP: 28/29 MP: 4/4
  1712 | D:2      | Reached ** piety under Trog
  2724 | D:3      | Reached skill level 4 in Maces & Flails
  2733 | D:3      | Noticed Ijyb
  2751 | D:3      | Killed Ijyb
  2752 | D:3      | Reached XP level 5. HP: 33/33 MP: 5/5
  2761 | D:3      | Reached *** piety under Trog
  2921 | D:3      | Noticed Jessica
  2934 | D:3      | Killed Jessica
  3036 | D:3      | Noticed Grinder
  3078 | D:3      | Paralysed by Grinder for 4 turns
  3091 | D:3      | Killed Grinder
  3092 | D:3      | Reached skill level 5 in Maces & Flails
  3092 | D:3      | Reached XP level 6. HP: 26/39 MP: 6/6
  3211 | D:4      | Reached XP level 7. HP: 44/44 MP: 7/7
  3331 | D:4      | Reached skill level 5 in Fighting
  3443 | D:4      | Noticed Dowan
  3445 | D:4      | Noticed Duvessa
  3457 | D:4      | Killed Duvessa
  3464 | D:4      | Killed Dowan
  3465 | D:4      | Reached skill level 6 in Maces & Flails
  3612 | D:4      | Found a runed translucent gate.
  3612 | D:4      | Found a runed translucent gate.
  3612 | D:4      | Found a runed translucent gate.
  3621 | D:4      | Identified the +3 scale mail "Velino" {Regen+}
  3684 | D:4      | Reached XP level 8. HP: 50/50 MP: 8/8
  3944 | D:4      | Noticed Borgoz's ghost (amateur GrBe)
  4324 | D:5      | Entered Level 5 of the Dungeon
  4414 | D:5      | Reached skill level 5 in Armour
  4481 | D:5      | Noticed a wyvern
  4496 | D:5      | Killed a wyvern
  4507 | D:5      | Reached skill level 7 in Maces & Flails
  4607 | D:5      | Reached **** piety under Trog
  5069 | D:5      | Reached XP level 9. HP: 56/56 MP: 9/9
  5070 | D:5      | Found a hide-covered altar of Uskayaw.
  5099 | D:5      | Found a shimmering blue altar of Sif Muna.
  5099 | D:5      | Found a broken altar of Ashenzari.
  5100 | D:5      | Found an ancient bone altar of Kikubaaqudgha.
  5101 | D:5      | Found an opulent altar of Gozag.
  5102 | D:5      | Found a snail-covered altar of Cheibriados.
  5104 | D:5      | Found a hazy altar of Hepliaklqana.
  5252 | D:6      | Reached skill level 8 in Maces & Flails
  5534 | D:6      | Noticed Pikel
  5558 | D:6      | Killed Pikel
  5630 | D:6      | Reached skill level 5 in Dodging
  5642 | D:6      | Found a staircase to the Ecumenical Temple.
  5928 | D:6      | Noticed Maggie
  5942 | D:6      | Killed Maggie
  5943 | D:6      | Reached skill level 9 in Maces & Flails
  6123 | D:6      | Found a runed translucent door.
  6124 | D:6      | Noticed Crazy Yiuf
  6284 | D:6      | Killed Crazy Yiuf
  6285 | D:6      | Reached XP level 10. HP: 63/63 MP: 10/10
  6781 | D:7      | Reached skill level 10 in Maces & Flails
  6799 | D:7      | Reached ***** piety under Trog
  7406 | D:7      | Reached XP level 11. HP: 69/69 MP: 11/11
  7513 | D:7      | Noticed a cyan ugly thing
  7527 | D:7      | Killed a cyan ugly thing
  7999 | D:4      | Killed Borgoz's ghost
  8005 | D:4      | Identified the ring "Irot" {Fire Dex+4}
  8217 | D:8      | Reached skill level 11 in Maces & Flails
  8734 | D:9      | Received a gift from Trog
  8871 | D:9      | Found Iwol's Distillery.
  9132 | D:9      | Found a staircase to the Lair.
  9531 | D:10     | Entered Level 10 of the Dungeon
  9628 | D:10     | Noticed a manticore
  9634 | D:10     | Killed a manticore
 10631 | D:11     | Noticed Harold
 10650 | D:11     | Killed Harold
 10651 | D:11     | Reached skill level 10 in Fighting
 10748 | D:11     | Noticed a two-headed ogre
 10759 | D:11     | Killed a two-headed ogre
 10760 | D:11     | Reached XP level 12. HP: 77/77 MP: 12/12
 10835 | D:11     | Found a staircase to the Orcish Mines.
 10887 | D:11     | Noticed a two-headed ogre
 10897 | D:11     | Killed a two-headed ogre
 10898 | D:11     | Reached skill level 10 in Armour
 11374 | D:12     | Noticed Nergalle
 11380 | D:12     | Killed Nergalle
 11667 | D:12     | Reached skill level 12 in Maces & Flails
 11699 | D:12     | Noticed a two-headed ogre
 11706 | D:12     | Killed a two-headed ogre
 11731 | D:12     | Annihilated by a titanic slime creature

Illustrated notes

Levels and vault maps discovered:
D:1:      eino_arrival_druids_welcome, layout_loops_corners, st_stairs_8,
          minmay_octomino_e4
D:2:      layout_loops_ring, minmay_rat_hole
D:3:      layout_rooms, uniq_grinder, uniq_ijyb, uniq_jessica
D:4:      layout_loops_ring, gammafunk_ghost_icy, uniq_duvessa
D:5:      layout_loops_cross, minitemple, st_stairs_10, serial_bayou_lagoon_b
D:6:      layout_loops_corners, minmay_temple_entry_mist,
          chequers_serial_rivers_small_b, kennysheep_generic_room_15,
          uniq_crazy_yiuf_cottage, uniq_maggie, uniq_pikel
D:7:      cheibrodos_grave_circle, layout_cave_pools,
          minmay_misc_feat_more_columns, minmay_manual_macuahuitl
D:8:      layout_gridville
D:9:      layout_roguey, david_lair_shrubbed, serial_shops,
          nicolae_shop_waterfront
D:10:     statuecave_lemuel, layout_rooms
D:11:     layout_basic, orc_0_dummy, uniq_harold
D:12:     layout_gridville, minmay_parallelograms, uniq_nergalle

Skill      XL: |  1  2  3  4  5  6  7  8  9 10 11 12 |
---------------+-------------------------------------+-----
Dodging        | 2 3 4 5 6 7 8 |  8.1
Armour         | 3 4 5 7 8 9 10 | 10.4
Maces & Flails | 4 5 6 7 9 10 11 12 | 12.0
Fighting       | 4 5 6 7 8 10 | 10.7

Action                   |  1- 3 |  4- 6 |  7- 9 | 10-12 || total
-------------------------+-------+-------+-------+-------++-------
Melee: Mace              |   100 |   172 |   463 |   769 ||  1504
       Dire flail        |       |       |       |   280 ||   280
Throw: Throwing net      |       |       |       |     2 ||     2
Invok: Berserk           |     2 |     2 |     6 |     7 ||    17
       Trog's Hand       |       |     3 |       |     2 ||     5
  Use: Scroll            |       |       |     5 |     5 ||    10
       Potion            |       |       |       |     1 ||     1
 Stab: Sleeping          |     1 |       |       |       ||     1
Armor: Animal skin       |    34 |    56 |     6 |       ||    96
       Leather armour    |       |       |    15 |       ||    15
       Scale mail        |       |       |   281 |   951 ||  1232
Dodge: Dodged            |    71 |   101 |   334 |   953 ||  1459
